 Dungeon Crawl Stone Soup version 0.23.2-1-ga50397a (webtiles) character file.

Game seed: 16794190815725892181

21 happ the Caller (level 2, 0/19 HPs)
             Began as a Mummy Summoner on May 4, 2019.
             Slain by an adder (2 damage)
             ... on level 2 of the Dungeon.
             The game lasted 00:20:36 (1228 turns).

happ the Caller (Mummy Summoner)                    Turns: 1228, Time: 00:20:37

Health: 0/19       AC:  2    Str: 11    XL:     2   Next: 65%
Magic:  2/6        EV: 12    Int: 14    God:
Gold:   27         SH:  0    Dex: 12    Spells: 6/7 levels left

rFire    x x .     SeeInvis .   h - +0 dagger
rCold    + + .     Gourm    .   (no shield)
rNeg     + + +     Faith    .   a - +0 robe
rPois    ∞         Spirit   .   (no helmet)
rElec    .         Reflect  .   (no cloak)
rCorr    .         Harm     .   (no gloves)
MR       .....                  (no boots)
Stlth    ++........             (no amulet)
HPRegen  0.06/turn              j - ring of ice
MPRegen  0.10/turn              (no ring)

@: no status effects
A: no food or potions, fire vulnerability, cold resistance 1, negative energy
resistance 3, torment resistance, unbreathing
a: no special abilities


You were on level 2 of the Dungeon.
You were not hungry.

You visited 1 branch of the dungeon, and saw 2 of its levels.

You collected 27 gold pieces.

Inventory:

Hand Weapons
 b - a +0 dagger
 d - a +0 club
 h - a +0 dagger (weapon)
 i - a +0 dagger
 m - a +0 hunting sling
Missiles
 c - 70 stones
 f - 15 poisoned needles (quivered)
 g - 5 needles of sleeping
 l - 35 arrows
Armour
 a - a +0 robe (worn)
Jewellery
 j - a ring of ice (left hand)
Scrolls
 n - a scroll of identify
Potions
 e - 3 potions of degeneration
 k - a potion of ambrosia {unknown}
 o - a potion of curing {unknown}
Comestibles
 q - a ration


   Skills:
 + Level 0.2 Short Blades
 + Level 1.7 Dodging
 + Level 1.6 Stealth
 * Level 3.0 Spellcasting
 * Level 3.6 Summonings


You had 6 spell levels left.
You knew the following spells:

 Your Spells              Type           Power        Failure   Level  Hunger
a - Summon Small Mammal   Summ           ##..         4%          1    N/A

Your spell library contained the following spells:

 Spells                   Type           Power        Failure   Level  Hunger
 Call Imp                 Summ           ##......     7%          2    N/A
 Call Canine Familiar     Summ           ##......     14%         3    N/A
 Summon Guardian Golem    Hex/Summ       #.......     30%         3    N/A
 Summon Ice Beast         Ice/Summ       ##......     69%         4    N/A
 Summon Lightning Spire   Summ/Air       #.......     69%         4    N/A

Dungeon Overview and Level Annotations

Branches:
Dungeon (2/15)

Altars:


Innate Abilities, Weirdness & Mutations

You do not eat or drink.
Your flesh is vulnerable to fire.
You are immune to poison.
Your flesh is cold resistant. (rC+)
You are immune to negative energy. (rN+++)
You are immune to unholy pain and torment.
You can survive without breathing.


Message History

The adder bites you.
The giant cockroach bites you but does no damage.
The adder bites you.
* * * LOW HITPOINT WARNING * * *
The giant cockroach closely misses you.
You barely miss the giant cockroach. The giant cockroach bites you.
* * * LOW HITPOINT WARNING * * *
You hit the giant cockroach but do no damage.
The giant cockroach bites you but does no damage.
Found a scroll labeled OTECWEJULO and 12 gold pieces.
The giant cockroach completely misses you.
As you read the scroll labeled OTECWEJULO, it crumbles to dust.
You feel aware of your surroundings.
It was a scroll of magic mapping.
The giant cockroach bites you but does no damage.
The adder barely misses you.
Unknown command.
The giant cockroach bites you.
* * * LOW HITPOINT WARNING * * *
The adder bites you.
You die...

*,*,* #.....<...†#***
*,*,* #...##.#.#.#
*,*,* #...#..#.#.#
*,*,* #...#..#.#.#
*,*,*#####..$##.#.#.#
*,*,,...........#.#.#
#.##########...##.#.#
#.$............##.#.#
*#.?....@..........#,*
*........Ss##...#....*
*#########......+....*
########,..#* *,,,.#
***,,,,***
*,,,,,,,,***
*,,,,,,,,,,,
*,,,,,,,,,,,


You could see an adder and a giant cockroach.

Vanquished Creatures
  A leopard gecko (D:1)
  3 bats (D:1)
  A giant cockroach (D:1)
  A goblin (D:1)
  A frilled lizard (D:1)
  A rat (D:1)
8 creatures vanquished.

Vanquished Creatures (collateral kills)
  An adder (D:2)
  An ooze (D:1)
  A goblin (D:1)
  A hobgoblin (D:1)
  A kobold (D:1)
  2 bats
  A frilled lizard (D:1)
8 creatures vanquished.

Grand Total: 16 creatures vanquished

Notes
Turn   | Place    | Note
-------+----------+-------------------------------------------
     0 | D:1      | happ the Mummy Summoner began the quest for the Orb.
     0 | D:1      | Reached XP level 1. HP: 13/13 MP: 4/4
   352 | D:1      | Reached XP level 2. HP: 5/19 MP: 3/5
  1228 | D:2      | Slain by an adder

Skill      XL: |  1  2 |
---------------+-------+-----
Spellcasting   | 3 |  3.0
Short Blades   | |  0.2
Dodging        | |  1.7
Stealth        | |  1.6
Summonings     | |  3.6

Action                   || total
-------------------------++-------
Melee: Dagger            ||    57
Throw: Stone             ||     3
 Cast: Summon Small Mamm ||    21
  Use: Scroll            ||     2
 Stab: Sleeping          ||     2
Armor: Robe              ||    16
Dodge: Dodged            ||    55
